 Dungeon Crawl Stone Soup version 0.28-a0-239-g68911e0c57 (webtiles) character file.

Game seed: 1478598739925659029

96077 theanonym the Bludgeoner (level 15, -2/126 HPs)
             Began as a Mummy Brigand on Aug 23, 2021.
             Was an Initiate of Gozag.
             Killed by an exploding bloated husk (38 damage)
             ... on level 1 of the Swamp.
             The game lasted 01:10:26 (37003 turns).

theanonym the Bludgeoner (Mummy Brigand)           Turns: 37003, Time: 01:10:27

Health: -2/126     AC: 34    Str: 25    XL:     15   Next: 68%
Magic:  15/15      EV:  5    Int: 12    God:    Gozag
Gold:   2115       SH:  7    Dex: 14    Spells: 14/14 levels left

rFire   + . .      SeeInvis .   a - +8 eveningstar (elec)
rCold   + + .      Faith    .   b - +2 buckler {rF+}
rNeg    + + +      Spirit   .   m - +1 crystal plate armour
rPois   ∞          Reflect  .   g - +2 hat {Will+}
rElec   +          Harm     .   c - +2 cloak
rCorr   +          Rampage  .   C - +1 pair of gloves
Will    ++...                   k - +2 pair of boots
Stlth   ..........              e - amulet of regeneration
HPRegen 1.31/turn               E - +6 ring of strength
MPRegen 0.14/turn               o - ring of flight

@: mighty, resistant, gold aura, flying, very slightly contaminated, studying
Unarmed Combat, invisible
A: cold resistance 1, negative energy resistance 3, torment resistance 2, heat
vulnerability 1, in touch with death 1, no potions
a: Renounce Religion, Potion Petition, Call Merchant, Bribe Branch


Innate Abilities, Weirdness & Mutations

You are immune to poison.
Your flesh is cold resistant. (rC+)
You are immune to negative energy. (rN+++)
You are immune to unholy pain and torment.
You are vulnerable to heat. (rF-)
You are in touch with the powers of death.
You do not drink.


   Skills:
 + Level 14.0 Fighting
 - Level 1.5 Short Blades
 - Level 16.0 Maces & Flails
 - Level 1.5 Throwing
 + Level 11.8 Armour
 - Level 0.7 Dodging
 - Level 3.2 Stealth
 - Level 4.0 Shields


You had 14 spell levels left.
You didn't know any spells.
Your spell library contained the following spells:

 Spells                   Type           Power      Damage    Failure   Level
 Freeze                   Ice            0%         1d3       100%        1
 Summon Small Mammal      Summ           0%         N/A       100%        1
 Ensorcelled Hibernation  Hex/Ice        0%         N/A       100%        2
 Poisonous Vapours        Pois/Air       0%         N/A       100%        2
 Static Discharge         Conj/Air       0%         N/A       100%        2
 Call Canine Familiar     Summ           0%         N/A       100%        3
 Frozen Ramparts          Ice            0%         1d2       100%        3
 Gell's Gravitas          Tloc           0%         N/A       100%        3
 Ignite Poison            Fire/Tmut/Pois 0%         N/A       100%        3
 Lesser Beckoning         Tloc           0%         N/A       100%        3
 Mephitic Cloud           Conj/Pois/Air  0%         N/A       100%        3
 Summon Guardian Golem    Hex/Summ       0%         N/A       100%        3
 Teleport Other           Tloc           0%         N/A       100%        3
 Airstrike                Air            0%         N/A       100%        4
 Hailstorm                Conj/Ice       0%         3d3       100%        4
 Petrify                  Tmut/Erth      0%         N/A       100%        4
 Summon Lightning Spire   Summ/Air       0%         N/A       100%        4
 Bolt of Magma            Conj/Fire/Erth 0%         4d4       100%        5
 Lightning Bolt           Conj/Air       0%         1d11      100%        5
 Metabolic Englaciation   Hex/Ice        0%         N/A       100%        5
 Summon Forest            Summ/Tloc      0%         N/A       100%        5
 Eringya's Noxious Bog    Tmut/Pois      0%         N/A       100%        6
 Iron Shot                Conj/Erth      0%         9d1       100%        6
 Shadow Creatures         Summ           N/A        N/A       100%        6
 Monstrous Menagerie      Summ           0%         N/A       100%        7
 Summon Hydra             Summ           0%         N/A       100%        7
 Infestation              Necr           0%         N/A       100%        8
 Sublimation of Blood     Necr           Unusable   N/A       N/A         2
 Wereblood                Tmut           Unusable   N/A       N/A         2
 Spider Form              Tmut/Pois      Unusable   N/A       N/A         3
 Statue Form              Tmut/Erth      Unusable   N/A       N/A         6
 Storm Form               Tmut/Air       Unusable   N/A       N/A         7

Skill      XL: |  1  2  3  4  5  6  7  8  9 10 11 12 13 14 15 |
---------------+----------------------------------------------+-----
Maces & Flails | 1 2 3 4 6 8 9 11 13 14 16 | 16.0
Fighting       | 3 4 5 7 8 10 12 14 | 14.0
Armour         | 4 6 8 10 11 | 11.8
Shields        | 4 |  4.0
Short Blades   | |  1.5
Throwing       | |  1.5
Dodging        | |  0.7
Stealth        | |  3.2

Action                   |  1- 3 |  4- 6 |  7- 9 | 10-12 | 13-15 || total
-------------------------+-------+-------+-------+-------+-------++-------
Melee: Dagger            |   148 |       |       |       |       ||   148
       Whip              |    27 |   127 |    30 |       |       ||   184
       Eveningstar       |       |       |   368 |   688 |  1368 ||  2424
Throw: Dart              |       |       |    27 |    35 |       ||    62
Invok: Call Merchant     |       |       |       |       |     4 ||     4
       Potion Petition   |       |       |       |       |     1 ||     1
Evoke: Wand              |       |    16 |       |    20 |    11 ||    47
       Phial of floods   |       |       |       |       |     1 ||     1
  Use: Scroll            |       |     1 |    11 |     9 |    20 ||    41
 Stab: Distracted        |       |       |     1 |     3 |     6 ||    10
Armor: Chain mail        |   115 |    65 |   226 |    94 |       ||   500
       Crystal plate arm |       |       |       |   589 |  1115 ||  1704
Dodge: Dodged            |    57 |    44 |   119 |   282 |   284 ||   786
Block: Buckler           |       |       |       |       |   164 ||   164

Inventory:

Hand Weapons
 a - a +8 eveningstar of electrocution (weapon)
Missiles
 d - 156 poisoned darts (quivered)
 i - 9 curare-tipped darts
 x - a throwing net
Armour
 b - a +2 buckler of fire resistance (worn)
 c - a +2 cloak (worn)
 g - a +2 hat of willpower (worn)
 k - a +2 pair of boots (worn)
 m - a +1 crystal plate armour (worn)
 z - a +2 plate armour of cold resistance
 C - a +1 pair of gloves (worn)
Jewellery
 e - an amulet of regeneration (around neck)
 o - a ring of flight (right hand)
 p - a ring of see invisible
 s - the ring "Hicwaghiu" {rF+ rCorr Dex+6}

   [ring of dexterity]

   Dex:       It affects your dexterity (+6).
   rF:        It protects you from fire.
   rCorr:     It protects you from acid and corrosion.
 E - a +6 ring of strength (left hand)
Wands
 h - a wand of iceblast (16)
 l - a wand of charming (15)
 u - a wand of polymorph (8)
 v - a wand of acid (32)
 w - a wand of flame (67)
 F - a wand of mindburst (11)
Scrolls
 f - 2 scrolls of fog
 j - 2 scrolls of fear
 n - a scroll of immolation
 q - 2 scrolls of noise
 r - 12 scrolls of identify
 t - 20 scrolls of teleportation
 y - 3 scrolls of magic mapping
 A - a scroll of brand weapon
 B - 2 scrolls of blinking
 D - a scroll of summoning
 G - a scroll of enchant armour
Miscellaneous
 H - a phial of floods (inert)


You were on level 1 of the Swamp.
You worshipped Gozag.
Gozag was most pleased with you.
You visited 5 branches of the dungeon, and saw 25 of its levels.
You also visited: Sewer.

You collected 11076 gold pieces.
You spent 5428 gold pieces at shops.
You paid 3533 gold pieces to Gozag.

Dungeon Overview and Level Annotations

Branches:
Dungeon (15/15)            Temple (1/1) D:6            Lair (6/6) D:8
  Swamp (1/4) Lair:4       Spider (0/4) Lair:4        Slime (0/5) Lair:5
    Orc (2/2) D:12            Elf (0/3) Orc:2        Vaults (0/5) D:13
 Depths (0/5) D:15          Sewer (visited)

Altars:
Ashenzari
Cheibriados
Dithmenos
Elyvilon
Fedhas
Gozag
Hepliaklqana
Kikubaaqudgha
Makhleb
Nemelex Xobeh
Ru
Trog
Uskayaw
Vehumet
Wu Jian
Xom
Yredelemnul
Zin
The Shining One
Jiyva

Shops:
D:1 :**(?   D:10 :   D:12 =   D:15 *   Orc:2 ?!**   Lair:5 =?

Annotations:
Lair:5 1 runed translucent door

≈≈≈ ♣....♣ ♣≈§
.≈.....§≈≈≈≈.. ♣≈≈
♣..≈≈.≈≈≈≈≈≈. ♣♣♣≈≈
♣♣≈..≈≈≈≈≈≈[ ♣♣....
......≈≈≈≈. ♣.≈≈..
≈≈..≈≈≈≈.t♣ .≈≈≈≈≈
≈≈§.§≈≈≈≈≈♣ .≈≈≈≈≈
≈≈≈..≈≈$$♣♣♣♣♣ ..≈≈≈.
...$...@.♣≈.≈♣♣♣ ≈.≈≈≈.
♣♣♣♣.....≈.≈≈.≈♣♣♣♣≈≈≈≈≈
$
♣≈.≈.w..$..≈≈≈..≈♣♣≈.≈≈≈
♣≈≈..≈≈.....≈..≈P≈♣.>≈≈≈
≈≈≈≈♣§≈.....≈≈≈≈P≈♣.....
.≈≈.♣♣♣..≈...≈≈.P.≈.≈≈≈≈
... ♣♣PPPPPPPPP...≈≈≈≈
.. ♣♣PPPPPPPP....≈≈≈
♣≈≈≈≈≈..≈≈≈.)≈≈≈.


You could see an alligator (wandering) and a tyrant leech.

Notes
Turn   | Place    | Note
-------+----------+-------------------------------------------
     0 | D:1      | theanonym the Mummy Brigand began the quest for the Orb.
     0 | D:1      | Reached XP level 1. HP: 16/16 MP: 1/1
   130 | D:1      | Found Lucink's Magic Scroll Emporium.
   177 | D:1      | Found Dideaff's Assorted Antiques.
   285 | D:1      | Reached XP level 2. HP: 19/23 MP: 2/2
   360 | D:1      | Found Zovuxiul's Antique Weapon Shoppe.
   538 | D:1      | Found Kiehaseff's General Store.
   614 | D:1      | Reached skill level 1 in Maces & Flails
   736 | D:1      | Found Wogatoch's Book Shop.
  1216 | D:2      | Reached XP level 3. HP: 27/28 MP: 3/3
  1783 | D:2      | Reached skill level 3 in Fighting
  1909 | D:2      | Found a faded altar of an unknown god.
  2073 | D:3      | Reached skill level 2 in Maces & Flails
  2096 | D:3      | Found a shimmering altar of Xom.
  2096 | D:3      | Found a shimmering altar of Xom.
  2096 | D:3      | Found a shimmering altar of Xom.
  2096 | D:3      | Found a shimmering altar of Xom.
  2097 | D:3      | Found a shimmering altar of Xom.
  2250 | D:3      | Found a shimmering altar of Xom.
  2252 | D:3      | Found a shimmering altar of Xom.
  2258 | D:3      | Reached XP level 4. HP: 29/35 MP: 4/4
  3252 | D:4      | Noticed a scorpion
  3260 | D:4      | Killed a scorpion
  3261 | D:4      | Reached XP level 5. HP: 38/41 MP: 5/5
  3282 | D:4      | Reached skill level 3 in Maces & Flails
  3461 | D:4      | HP: 18/42 [iguana (6)]
  3800 | D:4      | Noticed an ice beast
  3811 | D:4      | Killed an ice beast
  3812 | D:4      | Reached skill level 4 in Fighting
  3812 | D:4      | Reached XP level 6. HP: 39/48 MP: 6/6
  3865 | D:4      | Noticed an orc warrior
  3879 | D:4      | HP: 24/48 [orc warrior (12)]
  3886 | D:4      | Killed an orc warrior
  3887 | D:4      | Reached skill level 4 in Maces & Flails
  4321 | D:4      | Found a snail-covered altar of Cheibriados.
  4518 | D:4      | HP: 24/49 [gnoll (1)]
  4748 | D:4      | Reached XP level 7. HP: 55/55 MP: 7/7
  4868 | D:5      | Entered Level 5 of the Dungeon
  4873 | D:5      | Reached skill level 5 in Fighting
  4873 | D:5      | Reached skill level 5 in Maces & Flails
  4924 | D:4      | HP: 26/56 [gnoll sergeant (3)]
  5581 | D:5      | HP: 26/56 [ogre (30)]
  5587 | D:5      | HP: 14/56 [ogre (13)]
  5832 | D:5      | Reached skill level 6 in Maces & Flails
  6289 | D:5      | Reached XP level 8. HP: 49/64 MP: 8/8
  6775 | D:6      | Reached skill level 6 in Fighting
  7045 | D:6      | Found a bloodstained altar of Trog.
  7080 | D:6      | Reached skill level 7 in Maces & Flails
  7288 | D:6      | Found a glowing drain.
  7307 | Sewer    | Entered a sewer
  7812 | D:6      | Found a staircase to the Ecumenical Temple.
  7822 | Temple   | Entered the Ecumenical Temple
  7826 | Temple   | Became a worshipper of Gozag Ym Sagoz the Greedy
  8032 | D:6      | Reached skill level 7 in Fighting
  8211 | D:6      | HP: 33/67 [ice beast (6)]
  8213 | D:6      | Reached skill level 8 in Maces & Flails
  8213 | D:6      | Reached XP level 9. HP: 36/72 MP: 9/9
  8510 | D:6      | Found a blossoming altar of Fedhas.
  8754 | D:5      | HP: 33/72 [orc warrior (10)]
  9765 | D:7      | Reached skill level 8 in Fighting
  9765 | D:7      | Reached skill level 9 in Maces & Flails
 10579 | D:7      | Noticed a boulder beetle
 10594 | D:7      | Killed a boulder beetle
 10595 | D:7      | Reached XP level 10. HP: 82/82 MP: 10/10
 10886 | D:8      | Found a staircase to the Lair.
 11012 | D:8      | Reached skill level 10 in Maces & Flails
 11168 | D:7      | Reached skill level 9 in Fighting
 11560 | D:1      | Bought a scroll of acquirement for 624 gold pieces
 11560 | D:1      | Acquired 526 gold pieces
 11562 | D:1      | Bought a scroll of enchant weapon for 90 gold pieces
 11563 | D:1      | Bought a scroll of teleportation for 36 gold pieces
 11563 | D:1      | Bought a scroll of teleportation for 36 gold pieces
 11563 | D:1      | Bought a scroll of teleportation for 36 gold pieces
 11563 | D:1      | Bought a scroll of teleportation for 36 gold pieces
 12408 | D:8      | Found a broken altar of Ashenzari.
 12408 | D:8      | Found a hazy altar of Hepliaklqana.
 12560 | D:9      | Noticed Maggie
 12871 | D:9      | Killed Maggie
 13076 | D:9      | Reached skill level 11 in Maces & Flails
 13321 | D:9      | Acquired 566 gold pieces
 13466 | D:1      | Bought a +1 crystal plate armour for 870 gold pieces
 14065 | D:9      | Reached skill level 10 in Fighting
 14333 | D:10     | Entered Level 10 of the Dungeon
 14367 | D:10     | Found a hide-covered altar of Uskayaw.
 14374 | D:10     | Noticed a +0 dagger
 14374 | D:10     | Noticed a +0 hand axe
 14539 | D:10     | Reached XP level 11. HP: 77/90 MP: 11/11
 14612 | D:10     | Found Xare's Book Emporium.
 15303 | D:10     | Found a sparkling altar of Nemelex Xobeh.
 15369 | D:10     | Noticed a two-headed ogre
 15393 | D:10     | Killed a two-headed ogre
 15738 | D:11     | Noticed Erica
 16132 | Lair:1   | Entered Level 1 of the Lair of Beasts
 16171 | Lair:1   | Reached skill level 12 in Maces & Flails
 16181 | D:8      | Reached skill level 1 in Armour
 16720 | Lair:1   | Found a runed translucent door.
 16772 | Lair:1   | Got the Almanac of Evil Rites and Attacks
 16820 | Lair:1   | Noticed Gastronok
 17012 | Lair:1   | HP: 45/92 [Gastronok (27)]
 17017 | Lair:1   | HP: 28/92 [Gastronok (2)]
 17020 | Lair:1   | Killed Gastronok
 17021 | Lair:1   | Reached skill level 2 in Armour
 17385 | Lair:1   | Noticed Etinn's ghost (novice GrFi)
 17404 | Lair:1   | Reached skill level 3 in Armour
 18950 | Lair:2   | Reached skill level 13 in Maces & Flails
 19227 | Lair:2   | HP: 42/92 [komodo dragon (14)]
 19461 | Lair:3   | Noticed a seven-headed hydra
 19469 | Lair:2   | HP: 37/92 [seven-headed hydra (11)]
 19470 | Lair:2   | Killed a seven-headed hydra
 19471 | Lair:2   | Reached skill level 4 in Armour
 19471 | Lair:2   | Reached XP level 12. HP: 40/98 MP: 12/12
 19813 | Lair:3   | Noticed a four-headed hydra
 20166 | Lair:3   | Killed a four-headed hydra
 20233 | Lair:3   | Reached skill level 5 in Armour
 20292 | Lair:3   | Noticed a five-headed hydra
 20297 | Lair:3   | Killed a five-headed hydra
 20433 | Lair:3   | Found a snail-covered altar of Cheibriados.
 20666 | Lair:3   | Reached skill level 14 in Maces & Flails
 21245 | Lair:3   | Reached skill level 6 in Armour
 21365 | Lair:3   | Noticed a six-headed hydra
 21370 | Lair:3   | Killed a six-headed hydra
 22125 | Lair:4   | Noticed a six-headed hydra
 22130 | Lair:3   | HP: 46/98 [six-headed hydra (4)]
 22875 | Lair:4   | Found a staircase to the Swamp.
 23257 | Lair:4   | Found a hole to the Spider Nest.
 23298 | Lair:4   | Gained mutation: You are in touch with the powers of death.
                  | [Mummy growth]
 23298 | Lair:4   | Reached XP level 13. HP: 67/104 MP: 13/13
 23729 | Lair:5   | Found a runed translucent door.
 23732 | Lair:5   | Found a viscous altar of Jiyva.
 24404 | Lair:5   | Reached skill level 7 in Armour
 24620 | Lair:5   | Reached skill level 15 in Maces & Flails
 24704 | Lair:5   | Found a bloodstained altar of Trog.
 25047 | Lair:5   | Noticed an acid blob
 25315 | Lair:5   | Found a staircase to the Slime Pits.
 25316 | Lair:5   | theanonym: !greatplayer
 25316 | Lair:5   | beem: Unwon species for theanonym: Djinni, Palentonga
 25316 | Lair:5   | theanonym: !greaterplayer
 25316 | Lair:5   | beem: Unwon backgrounds for theanonym: Air Elementalist,
                  | Delver, Hedge Wizard
 25316 | Lair:5   | theanonym: !greatrace mu
 25316 | Lair:5   | beem: Unwon mummys for theanonym: MuAE, MuDe, MuEn, MuSu,
                  | MuTm, MuWz
 25325 | Lair:6   | Entered Level 6 of the Lair of Beasts
 25553 | Lair:5   | HP: 52/104 [yak (6)]
 25559 | Lair:5   | HP: 45/104 [black mamba (7)]
 25800 | Lair:5   | HP: 52/104 [yak (8)]
 25825 | Lair:4   | HP: 44/104 [wyvern (9)]
 26350 | Lair:5   | Bought a scroll of enchant weapon for 82 gold pieces
 26350 | Lair:5   | Bought a scroll of teleportation for 33 gold pieces
 26350 | Lair:5   | Bought a scroll of teleportation for 33 gold pieces
 26350 | Lair:5   | Bought a scroll of magic mapping for 38 gold pieces
 26353 | Lair:5   | Bought an amulet of regeneration for 480 gold pieces
 26370 | Lair:6   | Found a sacrificial altar of Ru.
 26389 | Lair:5   | HP: 43/104 [wyvern (12)]
 26459 | Lair:5   | Reached skill level 8 in Armour
 27285 | Lair:6   | Reached skill level 16 in Maces & Flails
 27370 | Lair:6   | Reached XP level 14. HP: 111/111 MP: 14/14
 27879 | Lair:6   | Found a runed translucent door.
 27917 | Lair:6   | HP: 52/111 [lindwurm/blast of flame (51)]
 27937 | Lair:5   | Bought the ring "Hicwaghiu" {rF+ rCorr Dex+6} for 1249 gold
                  | pieces
 28044 | Lair:6   | HP: 43/111 [lindwurm/blast of flame (38)]
 28157 | Lair:6   | Reached skill level 9 in Armour
 28161 | Lair:6   | Reached skill level 11 in Fighting
 28301 | Lair:1   | Killed Etinn's ghost
 28672 | Lair:5   | Bought a ring of flight for 280 gold pieces
 28812 | Lair:3   | HP: 55/113 [acid (6)]
 28820 | Lair:3   | Reached skill level 1 in Shields
 28911 | Lair:3   | HP: 48/113 [killer bee (12)]
 29057 | Lair:3   | Reached skill level 2 in Shields
 29118 | Lair:3   | Got Adil's Handbook of Combat Magic and Intoxication
 29147 | Lair:3   | Reached skill level 3 in Shields
 29445 | Lair:6   | Acquired 333 gold pieces
 30487 | D:11     | Killed Erica
 30488 | D:11     | Reached skill level 4 in Shields
 30516 | D:11     | Found a hazy altar of Hepliaklqana.
 30807 | D:12     | Noticed Maurice
 30832 | D:12     | Killed Maurice
 30833 | D:12     | Identified the +11 hand axe "Ehios" {venom, Will+ Int+2}
                  | (You took it off Maurice on level 12 of the Dungeon)
 31133 | D:12     | Found a staircase to the Orcish Mines.
 31309 | D:12     | Reached skill level 10 in Armour
 31399 | D:12     | Reached skill level 12 in Fighting
 31658 | D:13     | Noticed Erolcha
 31675 | D:13     | Killed Erolcha
 31755 | D:13     | Found a gate to the Vaults.
 31981 | D:13     | Reached XP level 15. HP: 122/122 MP: 15/15
 33096 | D:14     | Acquired 608 gold pieces
 33130 | D:14     | Identified the +10 mace "Gantedapp" {venom, rC+ rCorr MP+9}
 33318 | D:14     | You fall into a shaft and drop 1 floor!
 33318 | D:15     | Entered Level 15 of the Dungeon
 33583 | D:15     | Reached skill level 13 in Fighting
 33730 | D:15     | Reached skill level 11 in Armour
 33791 | D:15     | Found Wiotip's Assorted Antiques.
 33808 | D:15     | Bought a flickering bronze ring for 175 gold pieces
 33808 | D:15     | Identified the ring of Knowledge {rPois Str+4} (You bought
                  | it in a shop on level 15 of the Dungeon)
 33808 | D:15     | Bought a scroll of enchant armour for 262 gold pieces
 34006 | D:15     | Found a staircase to the Depths.
 34361 | Orc:1    | Entered Level 1 of the Orcish Mines
 34583 | Orc:2    | Entered Level 2 of the Orcish Mines
 34963 | Orc:1    | You fall into a shaft and drop 1 floor!
 35036 | Orc:2    | Found Zin Foox's Assorted Antiques.
 35070 | Orc:2    | HP: 59/124 [smoke demon/divine providence[an orc high
                  | priest] (15)]
 35566 | Orc:2    | Found a staircase to the Elven Halls.
 36175 | Orc:2    | Bought a scroll labelled TUSTRI KYFEMELE for 37 gold pieces
 36175 | Orc:2    | Bought a scroll of teleportation for 111 gold pieces
 36233 | Orc:2    | Found Goxzer Ugo's Distillery.
 36239 | Orc:2    | Found Heobarul's Magic Scroll Shoppe.
 36241 | Orc:2    | Found Eriet's General Store.
 36250 | Orc:2    | Bought a scroll of acquirement for 728 gold pieces
 36250 | Orc:2    | Bought a scroll of teleportation for 42 gold pieces
 36250 | Orc:2    | Bought a scroll of blinking for 105 gold pieces
 36250 | Orc:2    | Acquired 955 gold pieces
 36255 | Orc:2    | Bought a scroll of teleportation for 45 gold pieces
 36342 | Orc:2    | theanonym: !ruplayers
 36342 | Orc:2    | theanonym: !ruplayers
 36342 | Orc:2    | theanonym: !ruplayers
 36342 | Orc:2    | theanonym: !lg . win s=god
 36342 | Orc:2    | beem: 101 games for theanonym (win): 16x Vehumet, 12x
                  | Makhleb, 9x Gozag, 6x Lugonu, 6x Okawaru, 6x Trog, 4x
                  | Qazlal, 4x Yredelemnul, 3x Zin, 3x Kikubaaqudgha, 3x
                  | Hepliaklqana, 3x Sif Muna, 3x The Shining One, 3x
                  | Cheibriados, 2x, 2x Ashenzari, 2x Dithmenos, 2x Jiyva, 2x
                  | Nemelex Xobeh, 2x Ru, 2x Uskayaw, 2x Wu Jian, Beogh,
                  | Elyvilon, Fedhas, Xom
 36342 | Orc:2    | theanonym: !ruplayers
 36342 | Orc:2    | theanonym: !ruplayers
 36342 | Orc:2    | theanonym: !allofthem
 36342 | Orc:2    | theanonym: ??allofthem
 36342 | Orc:2    | beem: allofthem[1/1]: A small group of players who discuss
                  | the game together on a forum and spectate each other.
 36342 | Orc:2    | theanonym: !lg ruplayers
 36342 | Orc:2    | beem: 160028. totalnoob the Ruffian (L7 TrBr), slain by a
                  | gnoll on D:4 on 2021-08-23 08:35:44, with 529 points after
                  | 3097 turns and 0:05:15.
 36342 | Orc:2    | theanonym: !lm ruplayers
 36342 | Orc:2    | beem: 1363345. [2021-08-23 08:34:30] totalnoob the Ruffian
                  | (L6 TrBr) killed Robin on turn 2230. (D:3)
 36342 | Orc:2    | theanonym: !lm ruplayers
 36342 | Orc:2    | beem: 1363345. [2021-08-23 08:34:30] totalnoob the Ruffian
                  | (L6 TrBr) killed Robin on turn 2230. (D:3)
 36342 | Orc:2    | theanonym: !lm ruplayers s=name
 36342 | Orc:2    | beem: 1363345 milestones for ruplayers: 140621x Yermak,
                  | 52900x defe, 52072x amnesiac, 49569x namelastname112,
                  | 49062x casual, 48133x iamserjio, 47192x runewalsh, 45161x
                  | WhatIsLove, 42484x inmateoo, 39010x TheNamelessOne, 38774x
                  | Borgoz, 36957x Azzok, 34859x Sar, 30125x sergey, 29825x
                  | ololoev, 25452x haldagan, 22462x theanonym, 21107x
                  | Goblin1989, 20795x Sapher, 20613x Lavandula, 18222x swap,
                  | 17922x
 36342 | Orc:2    | beem: Soeti, 17191x Somebody, 16701x HungrySpirit, 15353x
                  | Iwannabefree, 14648x Waterpls, 14047x MDvedh, 13206x
                  | Daviar, 12980x oplop, 12819x ldf, 12086x duvessa, 11827x
                  | Uberwunderbarhen, 11506x wazuzu, 11155x xeno23, 10805x
                  | JacquesDerrida, 10575x Tovarisch, 10573x wvc, 10251x
                  | vatarom, 9833x kirsanium, 9703x epen, 9302x miyamura, 8620x
                  | totalnoob, 8197x StoneWall, 8069x nono, 7438x Redear, 7022x
 36342 | Orc:2    | beem: RitorJet, 6671x acidapple, 6511x Potsanchik, 6122x
                  | UristMcMason, 5853x dobroeutro, 5587x buddha, 5524x
                  | WildSam, 5461x crauler, 5439x ReniFell, 5403x kefirnik,
                  | 4928x Ziggystardust, 4883x blinkfrog, 4537x Yehuk, 4482x
                  | Oozefury, 4359x VanClaymore, 4233x FiftyNine, 4219x
                  | Margery, 4168x futacatgirl, 4044x Voland, 3960x pipel,
                  | 3897x komo4ek, 3791x barb4r1an, 3586x proton, 3570x
                  | graymark, 3568x
 36342 | Orc:2    | beem: trystero, 3440x wingboner, 3302x Stendarr, 3295x
                  | SeriousVitamin, 3295x Malog, 3236x Oper80, 3011x bear,
                  | 2746x UristPineapples, 2669x Fairytaker, 2462x Igemon93,
                  | 2450x Fartwhistle, 2436x Frontstab, 2371x beholder, 2325x
                  | Fuhrer, 2287x muxecoid, 2258x XO4YCPATb, 2120x l0ser140,
                  | 2020x grom234, 2008x Ngotmuk, 1980x ohyou, 1966x Inquiry,
                  | 1936x reriiru, 1877x Magnus, 1755x incide, 1750x
                  | Rekenzichi,
 36342 | Orc:2    | beem: 1692x Ebgish, 1620x removemottled, 1582x Illaniel,
                  | 1461x kolansburg, 1349x Emanloe, 1328x Letchik, 1244x Xpym,
                  | 1225x Hanyuu, 1189x tehnar, 1060x mrAntonBest, 993x
                  | Trivium, 911x Runnr, 876x kosh, 856x BattleRest, 758x
                  | Rester5115, 714x yoba, 692x Laphicet, 692x grisha5, 674x
                  | pekapeka, 642x Plasmagod, 629x BrandedWarrior, 610x
                  | SmileyJester, 606x DsMo, 587x bataille, 539x alfred1011,
                  | 525x battlenet,
 36342 | Orc:2    | beem: 522x Denox, 458x RussianFaggotGlassGo, 431x Kikal,
                  | 388x imraulkays, 368x WildJhon, 366x WildMole, 363x
                  | Aelindon, 349x Drusha21, 337x CheiNaga, 307x Assault, 300x
                  | MrVivor, 294x Orange, 283x Shiisan, 279x Freud, 209x
                  | zuknes, 199x Palibasher, 173x omegacute, 167x resurtm, 153x
                  | cang, 153x pisechka, 147x Vallenta, 142x Runn, 136x
                  | Halfnothing, 111x DOORAAD, 103x Kostja, 101x Veros, 96x
                  | Saturine, 92x
 36342 | Orc:2    | beem: Jobasha, 61x Kepochkin, 58x Origami, 48x
                  | GreetingsTrabeler, 30x WildJohn, 14x OtbRedBaron, 14x Rook,
                  | 11x Dimadima095, 10x superd2, 2x NotRomero, ZapZapper
 36342 | Orc:2    | theanonym: !lm ruplayers s=name -graph
 36342 | Orc:2    | beem: 1363345 milestones for ruplayers:
                  | https://betelgeuse.shalott.org/graphs/a9dae6ca8aa424e5cbbfb
                  | 85327850878c263ac16.html
 36342 | Orc:2    | theanonym: ??tenpercenters
 36342 | Orc:2    | beem: I don't have a page labeled tenpercenters in my
                  | learndb.
 36342 | Orc:2    | theanonym: !lg * win s=god -graph
 36342 | Orc:2    | beem: 126495 games for * (win):
                  | https://betelgeuse.shalott.org/graphs/267d4fb4d4aed6c9b765c
                  | 04ed27667694d54d907.html
 36631 | Swamp:1  | Entered Level 1 of the Swamp
 36746 | Swamp:1  | Got the Handbook of Moulding and the Entourage
 36810 | Swamp:1  | Noticed Frances
 36854 | Swamp:1  | Killed Frances
 36923 | Swamp:1  | Reached skill level 14 in Fighting
 36987 | Swamp:1  | Noticed a thorn hunter
 37002 | Swamp:1  | HP: 35/126 [thorn hunter/volley of thorns (35)]
 37003 | Swamp:1  | Killed a thorn hunter
 37003 | Swamp:1  | Killed by an exploding bloated husk

Vanquished Creatures
  Gastronok (Lair:1)
  Frances (Swamp:1)
  A thorn hunter (Swamp:1)
  A bunyip (Swamp:1)
  A fire dragon (D:15)
  An ice dragon (Lair:6)
  2 boulder beetles
  12 hydras
  A catoblepas (D:15)
  Erolcha (D:13)
  4 centaur warriors
  4 two-headed ogres
  Erica (D:11)
  A death knight (D:13)
  A tengu warrior (D:15)
  3 orc high priests (Orc:2)
  The ghost of Etinn the Basher, a novice GrFi of Trog (Lair:1)
  A spriggan druid (Swamp:1)
  A lindwurm (Lair:6)
  A swamp dragon (Swamp:1)
  A phantasmal warrior (D:14)
  4 deep elf pyromancers
  2 necromancers (D:13)
  6 manticores
  6 oklob plants (Lair:3)
  5 orc sorcerers
  4 orc knights (Orc:2)
  2 wolf spiders
  4 cyclopes
  9 black mambas
  An ice statue (Lair:5)
  A guardian serpent (Lair:6)
  5 torpor snails (Lair:6)
  Maurice (D:12)
  An unseen horror (D:13)
  20 cane toads
  3 freezing wraiths
  5 rime drakes
  An efreet (D:15)
  8 komodo dragons
  A tengu conjurer (D:14)
  A queen bee (Lair:3)
  3 jumping spiders (Lair:4)
  A wind drake (Lair:6)
  7 polar bears
  6 trolls
  5 tyrant leeches
  9 hornets
  17 blink frogs
  A meliai zombie (D:11)
  A redback (Lair:6)
  2 shadows
  20 wyverns
  2 wraiths
  37 yaks
  13 basilisks
  15 vampire mosquitoes
  6 wargs
  2 swamp worms (Swamp:1)
  2 acid dragons
  24 water moccasins
  21 orc warriors
  9 black bears
  A black bear (shapeshifter) (D:15)
  11 ice beasts
  A sky beast (D:7)
  8 ogres
  6 necrophages
  5 wolves
  12 centaurs
  2 phantoms
  3 kobold brigands
  17 bullfrogs
  A gnoll sergeant (D:4)
  5 scorpions
  46 killer bees
  5 wights (D:9)
  6 howler monkeys
  2 bullfrog zombies (D:6)
  5 centaur zombies
  A centaur skeleton (D:4)
  4 hounds
  A bullfrog skeleton (D:5)
  13 orc priests
  A jelly (D:8)
  3 iguanas
  20 orc wizards
  A killer bee zombie (D:7)
  2 howler monkey zombies
  8 adders
  6 gnolls
  5 river rats
  2 shadow imps
  5 white imps
  2 ufetubi
  7 worms
  A dart slug (D:4)
  65 orcs
  4 bats
  7 endoplasms
  4 giant cockroaches
  5 goblins
  A hobgoblin (D:2)
  6 jackals
  8 quokkas
  4 ball pythons
  3 frilled lizards
  19 kobolds
  11 rats
  A bush (D:6)
690 creatures vanquished.

Vanquished Creatures (collateral kills)
  Maggie (D:9)
1 creature vanquished.

Vanquished Creatures (others)
  A bloated husk (Swamp:1)
  54 fungi
  149 plants
  2 withered plants (Lair:1)
206 creatures vanquished.

Grand Total: 897 creatures vanquished

Table legend: (Time is in decaauts)
 A = Elapsed time spent in this place.
 B = Non-inter-level travel time spent in this place.
 C = Inter-level travel time spent in this place.
 D = Time resting spent in this place.
 E = Time spent auto-exploring this place.
 F = Levels seen in this place.
 G = Mean time per level.
                   A        B        C        D        E       F      G
               +--------+--------+--------+--------+--------+-----+--------+
         Total |  36825 |  33051 |   3774 |   9791 |  17571 |  26 | 1416.3 |
       Dungeon |  20833 |  18631 |   2202 |   5221 |  10660 |  15 | 1388.9 |
        Temple |      8 |      8 |      0 |      0 |      0 |   1 |    8.0 |
          Lair |  13166 |  11802 |   1364 |   4150 |   5424 |   6 | 2194.3 |
         Swamp |    356 |    328 |     28 |     63 |    127 |   1 |  356.0 |
  Orcish Mines |   1952 |   1773 |    179 |    251 |   1106 |   2 |  976.0 |
         Sewer |    506 |    506 |      0 |    105 |    252 |   1 |  506.0 |
               +--------+--------+--------+--------+--------+-----+--------+

Top non-repeatable levels by time:
  Lair:3: 3014 daAuts
  Lair:4: 2277 daAuts
     D:6: 2160 daAuts
  Lair:5: 2107 daAuts
  Lair:6: 2034 daAuts
     D:5: 2033 daAuts
  Lair:2: 1921 daAuts
     D:4: 1864 daAuts
  Lair:1: 1811 daAuts
     D:8: 1741 daAuts
     D:9: 1614 daAuts
     D:7: 1535 daAuts
     D:3: 1520 daAuts
    D:10: 1378 daAuts
   Orc:2: 1296 daAuts
